 Dungeon Crawl Stone Soup version 0.18-a0-1685-g4482fe3 (webtiles) character file.

2381 Eucla the Martial Artist (level 9, -4/62 HPs)
             Began as an Octopode Transmuter on Apr 4, 2016.
             Was a Priest of Cheibriados.
             Slain by kGEAR's ghost (10 damage)
             ... on level 7 of the Dungeon.
             The game lasted 00:11:52 (5826 turns).

Eucla the Martial Artist (Octopode Transmuter)      Turns: 5826, Time: 00:11:52

Health: -4/62      AC:  2    Str: 23    XL:     9   Next: 45%
Magic:  13/13      EV: 21    Int: 24    God:    Cheibriados [***...]
Gold:   301        SH:  0    Dex: 26    Spells: 4 memorised, 4 levels left

rFire  . . .     SeeInvis .       - Unarmed
rCold  . . .     Gourm    .     (shield currently unavailable)
rNeg   + . .     Faith    .     (helmet currently unavailable)
rPois  x         Spirit   .     (no amulet)
rElec  .         Dismiss  .     a - +5 ring of strength
rCorr  .         Reflect  .     i - ring of positive energy
SustAt .         Harm     .     (no ring)
MR     .....                    (no ring)
Stlth  ++........               (no ring)
                                (no ring)
                                (no ring)
                                (no ring)

@: spider-form (expiring), invisible, very slow, not resistant to hostile
enchantments, unstealthy
A: almost no armour, (amphibious), 8 rings, (constrict 8), (large bone plates
0), (camouflage 0), clever 1, regeneration 1, (gelatinous body 0)
a: End Transformation, Bend Time, Temporal Distortion, Renounce Religion


You were on level 7 of the Dungeon.
You worshipped Cheibriados.
Cheibriados was most pleased with you.
You were not hungry.
You were a venomous arachnid creature.
You visited 1 branch of the dungeon, and saw 7 of its levels.

You collected 301 gold pieces.

Inventory:

Missiles
 p - 97 arrows
Jewellery
 a - a +5 ring of strength (left front leg)
 i - a ring of positive energy (right front leg)
Wands
 y - a wand of digging (12/24)
 B - a wand of digging (8/24)
Scrolls
 c - 2 scrolls of noise {unknown}
 d - 4 scrolls of recharging {unknown}
 e - a scroll of fog {unknown}
 g - 10 scrolls of identify {unknown}
 h - a scroll of random uselessness {unknown}
 j - 3 scrolls of enchant weapon {unknown}
 k - 3 scrolls of fear {unknown}
 l - 3 scrolls of remove curse {unknown}
 m - 3 scrolls of teleportation {unknown}
 o - 2 scrolls of magic mapping {unknown}
 t - a scroll of blinking {unknown}
Potions
 n - a potion of ambrosia {unknown}
 q - a potion of beneficial mutation {unknown}
 s - a potion of degeneration {unknown}
 v - a potion of curing {unknown}
 z - a potion of cure mutation {unknown}
 A - a potion of agility {unknown}
Books
 b - a book of Changes

   Spells                             Type                      Level
   a - Beastly Appendage              Transmutation                1
   b - Sticks to Snakes               Transmutation                2
   c - Spider Form                    Transmutation/Poison         3
   d - Ice Form                       Ice/Transmutation            4
   e - Blade Hands                    Transmutation                5
Comestibles
 f - 3 bread rations
 w - 2 meat rations
 x - a beef jerky


   Skills:
 - Level 6.0 Fighting
 - Level 2.0 Dodging
 - Level 9.4 Unarmed Combat
 + Level 3.1 Spellcasting
 + Level 4.6 Transmutations
 + Level 2.6 Ice Magic
 - Level 2.2 Poison Magic


You had 4 spell levels left.
You knew the following spells:

 Your Spells              Type           Power        Failure   Level  Hunger
a - Beastly Appendage     Trmt           ####..       8%          1    None
b - Sticks to Snakes      Trmt           ####....     10%         2    ##.....
c - Spider Form           Trmt/Pois      ###.......   24%         3    ###....
d - Ice Form              Ice/Trmt       ###.....     50%         4    ####...


Dungeon Overview and Level Annotations

Branches:
Dungeon (7/15)             Temple (0/1) D:4

Altars:
Ashenzari
Cheibriados
Dithmenos
Elyvilon
Fedhas
Gozag
Kikubaaqudgha
Nemelex Xobeh
Vehumet
Yredelemnul
Zin

Annotations:
D:7 kGEAR's ghost, novice GrFi


Innate Abilities, Weirdness & Mutations

You cannot wear most types of armour.
((You are amphibious.))
You can wear up to eight rings at the same time.
((You can use your tentacles to constrict eight enemies at once.))
((Your skin changes colour to match your surroundings (Stealth).))
((Your rubbery body absorbs attacks (AC +1).))
((You are partially covered in large bone plates (AC +2, SH +2).))
Your mind is acute. (Int +2)
Your natural rate of healing is unusually fast.


Message History

KGEAR's ghost is moderately damaged.
KGEAR's ghost completely misses you.
Unknown command.
You completely miss kGEAR's ghost.
KGEAR's ghost is moderately damaged.
Unknown command.
You hit kGEAR's ghost.
KGEAR's ghost is moderately damaged.
KGEAR's ghost hits you!!
* * * LOW HITPOINT WARNING * * *
Unknown command.
Drink which item? (? for menu, Esc to quit)
You feel much better.
Your transformation is almost over.
KGEAR's ghost hits you!!
* * * LOW HITPOINT WARNING * * *
Drink which item? (? for menu, Esc to quit)
You fade into invisibility!
KGEAR's ghost hits you!
You die...

#.###)##.# ###.
#..##.##.# #..)
#...#.##.# #.##
#...##...# ##.##
#...#..#.# .#####...#
#..W#....# ..........
#...#...J# #####...#
#...#.##W# ##.##
#...#..#s# #.##
##.#.# ##.## #....#
#########...#
##.######...<........
#.#................#
##.#.##)#####.#####.#
#.............# #..
#.......####### ###
#########


You could see a jelly and kGEAR's ghost.

Vanquished Creatures
  The ghost of Eucla the Digger, a novice OpEE (D:4)
  Grinder (D:3)
  Sigmund (D:3)
  Eustachio (D:4)
  Menkaure (D:5)
  3 orc warriors
  2 ogres
  A sky beast (D:6)
  A phantom (D:3)
  A centaur (D:6)
  A centaur zombie (D:7)
  2 crimson imps
  2 hounds
  3 orc priests
  Ijyb (D:2)
  6 orc wizards
  6 worker ants
  2 killer bee zombies
  9 adders
  An adder zombie (D:6)
  An adder skeleton (D:4)
  A worm (D:4)
  3 dart slugs
  2 giant geckos
  9 orcs
  A ball python (D:4)
  8 bats
  7 giant cockroaches
  7 goblins
  5 hobgoblins
  13 jackals
  8 kobolds
  3 quokkas
  A ball python skeleton (D:4)
  5 giant newts
  A quokka zombie (D:4)
  6 rats
127 creatures vanquished.

Vanquished Creatures (collateral kills)
  An adder (D:2)
  An adder skeleton (D:3)
2 creatures vanquished.

Grand Total: 129 creatures vanquished

Notes
Turn   | Place    | Note
--------------------------------------------------------------
     0 | D:1      | Eucla the Octopode Transmuter began the quest for the Orb.
     0 | D:1      | Reached XP level 1. HP: 13/13 MP: 3/3
   245 | D:1      | Reached XP level 2. HP: 14/18 MP: 5/5
   249 | D:1      | Learned a level 2 spell: Sticks to Snakes
   976 | D:2      | Reached XP level 3. HP: 24/24 MP: 6/6
   992 | D:2      | Learned a level 3 spell: Spider Form
  1217 | D:2      | Reached skill level 4 in Unarmed Combat
  1325 | D:2      | Found a basalt altar of Yredelemnul.
  1588 | D:2      | Noticed Ijyb
  1597 | D:2      | Killed Ijyb
  1597 | D:2      | Reached XP level 4. HP: 24/30 MP: 2/7
  1867 | D:3      | Noticed Grinder
  2200 | D:3      | Noticed Sigmund
  2272 | D:3      | Gained mutation: Your mind is acute. (Int +2) [potion of mutation]
  2272 | D:3      | Gained mutation: You are partially covered in large bone plates (AC +2, SH +2). [potion of mutation]
  2272 | D:3      | Gained mutation: Your natural rate of healing is unusually fast. [potion of mutation]
  2283 | D:3      | Killed Sigmund
  2283 | D:3      | Reached skill level 5 in Unarmed Combat
  2283 | D:3      | Reached XP level 5. HP: 26/36 MP: 2/8
  2283 | D:3      | Reached XP level 6. HP: 30/42 MP: 2/9
  2397 | D:3      | Paralysed by Grinder for 2 turns
  2403 | D:3      | Killed Grinder
  2588 | D:3      | Reached XP level 7. HP: 46/46 MP: 10/10
  2655 | D:3      | Found an ancient bone altar of Kikubaaqudgha.
  2796 | D:3      | Reached skill level 6 in Unarmed Combat
  2808 | D:3      | Found a shadowy altar of Dithmenos.
  2811 | D:3      | Found a snail-covered altar of Cheibriados.
  2814 | D:3      | Found a white marble altar of Elyvilon.
  2819 | D:3      | Became a worshipper of Cheibriados the Contemplative
  2868 | D:3      | Found a sparkling altar of Nemelex Xobeh.
  3469 | D:4      | Reached * piety under Cheibriados
  3861 | D:4      | Noticed Eucla's ghost (novice OpEE)
  3877 | D:4      | Killed Eucla's ghost
  3877 | D:4      | Reached skill level 7 in Unarmed Combat
  3877 | D:4      | Reached XP level 8. HP: 40/54 MP: 11/11
  3898 | D:4      | Found a staircase to the Ecumenical Temple.
  3970 | D:4      | Noticed Eustachio
  3985 | D:4      | Killed Eustachio
  3985 | D:4      | Reached skill level 5 in Fighting
  3985 | D:4      | Reached skill level 8 in Unarmed Combat
  4084 | D:4      | Found an opulent altar of Gozag.
  4276 | D:5      | Entered Level 5 of the Dungeon
  4298 | D:5      | Noticed Menkaure
  4302 | D:5      | Killed Menkaure
  4432 | D:5      | Found a blossoming altar of Fedhas.
  4469 | D:5      | Reached ** piety under Cheibriados
  4584 | D:5      | Reached skill level 9 in Unarmed Combat
  4744 | D:5      | Reached XP level 9. HP: 62/62 MP: 12/12
  4828 | D:5      | Found a glowing silver altar of Zin.
  4996 | D:6      | Learned a level 4 spell: Ice Form
  5122 | D:6      | Reached skill level 1 in Ice Magic
  5438 | D:7      | Reached *** piety under Cheibriados
  5730 | D:7      | Found a radiant altar of Vehumet.
  5730 | D:7      | Found a shattered altar of Ashenzari.
  5780 | D:7      | Noticed kGEAR's ghost (novice GrFi)
  5826 | D:7      | Slain by kGEAR's ghost

Vault maps used:
D:1:      dpeg_arrival_chase
D:2:      lemuel_crystal_altar, uniq_iyjb
D:3:      grunt_temple_overflow_diamond, marbit_many_paths, first_bread,
          nemelex_xobeh_ov_fountains_minmay, uniq_grinder, uniq_sigmund
D:4:      nicolae_overflow_hidden_temple, old_standard_altar,
          minmay_temple_entry_statues_fountains, uniq_eustachio
D:5:      kennysheep_mini, fedhas_altar_2, uniq_menkaure
D:7:      lemuel_blue_sif_altar, grunt_temple_overflow_open, serial_shops,
          nicolae_shop_statue_plus

Skill      XL: |  1  2  3  4  5  6  7  8  9 |
---------------+----------------------------+-----
Fighting       | 2 3 4 5 6 |  6.0
Unarmed Combat | 4 5 7 9 |  9.4
Transmutations | 3 4 |  4.6
Poison Magic   | 2 |  2.2
Ice Magic      | 2 |  2.6
Spellcasting   | 3 |  3.1
Dodging        | |  2.0

Action                   |  1- 3 |  4- 6 |  7- 9 || total
-------------------------+-------+-------+-------++-------
Melee: Unarmed           |    66 |    50 |   236 ||   352
 Cast: Sticks to Snakes  |     3 |     9 |       ||    12
       Beastly Appendage |       |     1 |       ||     1
       Spider Form       |       |     1 |     6 ||     7
  Use: Potion            |       |     3 |     2 ||     5
 Stab: Sleeping          |     5 |     1 |     6 ||    12
  Eat: Chunk             |     2 |     2 |     3 ||     7
       Bread ration      |       |     1 |       ||     1
       Fruit             |       |       |     3 ||     3
       Beef jerky        |       |       |     1 ||     1
